 Dungeon Crawl Stone Soup version 0.32-a0-921-g04a7ad8e02 (webtiles) character file.

Game seed: 16846169563927209629

204 sikcd the Covered (level 5, -3/47 HPs)
             Began as a Mountain Dwarf Fighter on Apr 12, 2024.
             Was an Initiate of the Shining One.
             Slain by a lemure (4 damage)
             ... led by Pikel
             ... on level 4 of the Dungeon.
             The game lasted 00:27:22 (2737 turns).

sikcd the Covered (Mountain Dwarf Fighter)          Turns: 2737, Time: 00:27:23

Health: -3/47      AC:  9    Str: 21    XL:     5   Next: 52%
Magic:  5/5        EV:  8    Int:  8    God:    the Shining One [......]
Gold:   82         SH:  4    Dex:  9    Spells: 4/4 levels left

rFire   . . .        a - +0 war axe
rCold   . . .        b - +0 buckler
rNeg    . . .        h - +0 scale mail
rPois   .            (no helmet)
rElec   .            (no cloak)
rCorr   .            (no gloves)
SInv    .            e - +1 pair of boots
Will    .....        (no amulet) Stlth
                     (no ring)
HPRegen 0.27/turn    (no ring)
MPRegen 0.09/turn

%: no passive effects
@: mighty, glowing
A: runic magic, artefact enchanting
a: Renounce Religion


You were on level 4 of the Dungeon.
You worshipped the Shining One.
The Shining One was noncommittal.
You visited 2 branches of the dungeon, and saw 5 of its levels.

You collected 104 gold pieces.
You spent 22 gold pieces at shops.

Inventory:

Hand Weapons
 a - a +0 war axe (weapon)
 c - a +3 orcbow
Missiles
 f - 45 stones
 l - 2 atropa-tipped darts (quivered)
 t - 6 poisoned darts
Armour
 b - a +0 buckler (worn)
 e - a +1 pair of boots (worn)
 h - a +0 scale mail (worn)
Wands
 d - a wand of quicksilver (12)
 u - a wand of polymorph (13)
 w - a wand of flame (11)
Scrolls
 g - 4 scrolls of identify
 i - 2 scrolls of enchant weapon {unknown}
 m - 2 scrolls of immolation
 p - 2 scrolls of noise {unknown}
 q - a scroll of enchant armour {unknown}
 v - a scroll of fog {unknown}
 x - 3 scrolls of revelation {unknown}
Potions
 j - 7 potions of curing {unknown}
 k - 2 potions of heal wounds {unknown}
 n - a potion of enlightenment {unknown}
 o - a potion of lignification {unknown}
 s - a potion of brilliance {unknown}
 z - 2 potions of attraction {unknown}


   Skills:
 + Level 4.4 Fighting
 + Level 4.1 Axes
 + Level 4.4 Armour
 + Level 4.4 Shields


You had 4 spell levels left.
You didn't know any spells.
Your spell library contained the following spells:

 Spells                   Type           Power      Damage    Failure   Level
 Apportation              Tloc           0%         N/A       56%         1
 Jinxbite                 Hex            0%         N/A       71%         2
 Tukima's Dance           Hex            0%         N/A       90%         3
 Dimensional Bullseye     Hex/Tloc       0%         N/A       100%        4
 Iskenderun's Mystic Bla Conj/Tloc 0%             2d3        (+2d1     100%        4
 Alistair's Intoxication  Alch           0%         N/A       100%        5


Dungeon Overview and Level Annotations

Branches:
Dungeon (4/15)             Temple (1/1) D:4

Altars:
Ashenzari
Cheibriados
Fedhas
Gozag
Kikubaaqudgha
Okawaru
Qazlal
Sif Muna
Vehumet
Wu Jian
Xom
Yredelemnul
Zin
The Shining One

Shops:
D:2 *

Annotations:
D:4 exclusion: lemure, Pikel


Innate Abilities, Weirdness & Mutations

Your spellcasting is much less encumbered by armour.
You can use scrolls of enchantment on lesser artefacts.


Message History

The lemure attacks as it pursues you! The lemure hits you but does no damage.
The lemure attacks as it pursues you! The lemure hits you. x2
The lemure hits you but does no damage.
You hit Pikel but do no damage. You closely miss the lemure.
You hit the lemure but do no damage.
Pikel hits you with a +2 whip of electrocution!
You are electrocuted!
* * * LOW HITPOINT WARNING * * *
The lemure completely misses you. The lemure hits you but does no damage.
You feel very mighty all of a sudden. Pikel hits you but does no damage.
The lemure barely misses you.
A lemure comes into view.
The lemure hits you.
* * * LOW HITPOINT WARNING * * *
You closely miss Pikel. You closely miss the lemure.
The lemure shouts!
You hit the lemure. Pikel hits you but does no damage.
You are electrocuted!
* * * LOW HITPOINT WARNING * * *
The lemure hits you but does no damage. You block the lemure's attack.
Pikel hits you with a +2 whip of electrocution.
* * * LOW HITPOINT WARNING * * *
The lemure hits you but does no damage.
Unknown command.
Unknown command.
Unknown command.
You slash Pikel!
Pikel is moderately wounded.
You closely miss the lemure. You slash the lemure!
A lemure comes into view.
The lemure barely misses you. The lemure hits you but does no damage.
Pikel barely misses you. The lemure hits you but does no damage.
The lemure shouts!
You slash Pikel!
Pikel is heavily wounded.
You hit the lemure. You closely miss the lemure.
Pikel says, "You'll feel the lick of my whip!"
Pikel hits you with a +2 whip of electrocution.
The Shining One protects you from harm! The lemure hits you but does no damage.
The lemure hits you.
You die...

#..#..............##..........#
###..................#..#########
#...#.#................##
..###.#................#
###...##†................
.......#.............###..#
##..>..##............# #...
.#........#.........## ....
.##...###......5@...# ...
..#.###........5K5.## ..
..#.#..............#
......###........### .#.#.##
###..5..## #...# ##..### #####
#...# ##..# # ....


You could see Pikel and 4 lemures.

Vanquished Creatures
  2 sleepcaps (D:4)
  Ijyb (D:3)
  4 gnolls (D:2)
  An adder (D:2)
  4 dart slugs
  2 orcs (D:4)
  4 ball pythons
  4 endoplasms
  4 giant cockroaches
  6 goblins
  3 hobgoblins (D:1)
  3 jackals (D:1)
  11 kobolds
  4 quokkas
  2 bats
  5 frilled lizards
  4 rats (D:1)
64 creatures vanquished.

Notes
Turn   | Place    | Note
-------+----------+-------------------------------------------
     0 | D:1      | sikcd the Mountain Dwarf Fighter began the quest for the
                  | Orb.
     0 | D:1      | Reached XP level 1. HP: 19/19 MP: 1/1
    44 | D:1      | Reached XP level 2. HP: 23/26 MP: 2/2
   462 | D:1      | Reached XP level 3. HP: 33/33 MP: 3/3
  1207 | D:2      | Reached XP level 4. HP: 34/40 MP: 4/4
  1303 | D:2      | Found a broken altar of Ashenzari.
  1414 | D:2      | Found Rotisoam's General Store.
  1421 | D:2      | Bought a scroll of identify for 22 gold pieces
  1839 | D:3      | Noticed Ijyb
  1850 | D:3      | Killed Ijyb
  1932 | D:3      | Found a faded altar of an unknown god.
  1970 | D:3      | Reached XP level 5. HP: 45/46 MP: 5/5
  2459 | D:4      | Noticed a lemure
  2597 | D:4      | Found a staircase to the Ecumenical Temple.
  2614 | Temple   | Entered the Ecumenical Temple
  2698 | Temple   | Became a worshipper of the Shining One
  2724 | D:4      | Noticed a lemure
  2725 | D:4      | Noticed Pikel
  2734 | D:4      | Noticed a lemure
  2735 | D:4      | HP: 1/47 [Pikel/+2 whip of electrocution (4)]
  2736 | D:4      | Noticed a lemure
  2737 | D:4      | The Shining One protects you from harm!
  2737 | D:4      | Slain by a lemure

Illustrated notes

Levels and vault maps discovered:
D:1:      evilmike_arrival_crescent, layout_rooms, nicolae_titane
D:2:      layout_loops_ring, basic_altar, serial_shops, nicolae_shop_stone
D:3:      layout_rooms, nicolae_ecumenical_oubliette, uniq_ijyb
D:4:      layout_cave_pods, minmay_temple_entry_slanted, uniq_pikel
Temple:   nicolae_temple_god_jail

Skill      XL: |  1  2  3  4  5 |
---------------+----------------+-----
Axes           | 3 4 |  4.1
Armour         | 4 |  4.4
Shields        | 4 |  4.4
Fighting       | 4 |  4.4

Action                     |  1- 3 |  4- 6 || total
---------------------------+-------+-------++-------
  Melee: War axe           |   110 |    67 ||   177
    Use: Potion            |       |     2 ||     2
         Scroll            |       |     1 ||     1
 Armour: Scale mail        |   109 |    73 ||   182
  Dodge: Dodged            |    58 |    37 ||    95
  Block: Buckler           |    29 |    12 ||    41

Table legend: (Time is in decaauts)
 A = Elapsed time spent in this place.
 B = Non-inter-level travel time spent in this place.
 C = Inter-level travel time spent in this place.
 D = Time resting spent in this place.
 E = Time spent auto-exploring this place.
 F = Levels seen in this place.
 G = Mean time per level.
                   A        B        C        D        E       F      G
               +--------+--------+--------+--------+--------+-----+--------+
         Total |   2799 |   2620 |    179 |    188 |   1637 |   5 |  559.8 |
       Dungeon |   2702 |   2534 |    168 |    188 |   1637 |   4 |  675.5 |
        Temple |     96 |     85 |     11 |      0 |      0 |   1 |   96.0 |
               +--------+--------+--------+--------+--------+-----+--------+

Top non-repeatable levels by time:
     D:2: 983 daAuts
     D:1: 786 daAuts
     D:3: 599 daAuts
     D:4: 333 daAuts
  Temple: 96 daAuts
